 Dungeon Crawl Stone Soup version 0.15-a0-734-g2b8d6ef (webtiles) character file.

46 PolkaDot the Caller (level 3, 0/24 HPs)
             Began as a Vampire Summoner on May 11, 2014.
             Slain by an adder (2 damage)
             ... while paralysed by a potion of paralysis
             ... on Level 2 of the Dungeon.
             The game lasted 00:04:23 (992 turns).

PolkaDot the Caller (Vampire Summoner)               Turns: 992, Time: 00:04:23

HP   0/24        AC  2     Str  7      XL: 3   Next: 44%
MP   3/6         EV  2     Int 18      God:
Gold 70          SH  0     Dex 19      Spells:  2 memorised,  3 levels left

rFire  . . .     SeeInvis +     p - +2 dagger (freeze)
rCold  . . .     Clarity  .     a - +0 robe
rNeg   . . .     Conserve .     (no shield)
rPois  .         rCorr    .     (no helmet)
rElec  .         rRot     .     (no cloak)
SustAb . .       Spirit   .     (no gloves)
rMut   .         Warding  .     (no boots)
Gourm  .         Stasis   .     (no amulet)
MR     .....                    (no ring)
                                (no ring)

@: paralysed, regenerating quickly, agile, lethally poisoned, not resistant to
hostile enchantments, stealthy
A: fangs 3, see invisible, unbreathing
a: no special abilities


You were on level 2 of the Dungeon.
You were very full.

You visited 1 branch of the dungeon, and saw 2 of its levels.

You collected 70 gold pieces.

Inventory:

Hand weapons
 p - a +2,+2 dagger of freezing (weapon)
Missiles
 j - 21 darts (quivered)
 o - 8 javelins
Armour
 a - a +0 robe (worn)
Scrolls
 d - 2 scrolls of blinking {unknown}
 e - 2 scrolls of fear {unknown}
 f - a scroll of identify {unknown}
 h - a scroll of immolation {unknown}
 i - a scroll of enchant armour {unknown}
 k - 2 scrolls of noise {unknown}
 m - 2 scrolls of recharging {unknown}
 q - a scroll of enchant weapon I {unknown}
Potions
 c - a potion of blood {@w2}
 g - 2 potions of agility
 l - a potion of paralysis {!q}
 n - a potion of curing {unknown}
 r - a potion of might {unknown}
Books
 b - a book of Callings

   Spells                             Type                      Level
   *Summon Small Mammal               Summoning                    1
   *Call Imp                          Summoning                    2
   Call Canine Familiar               Summoning                    3
   Summon Guardian Golem              Hexes/Summoning              4
   Summon Lightning Spire             Summoning/Air                4
   Summon Ice Beast                   Ice/Summoning                4


   Skills:
 - Level 2.1 Dodging
 - Level 3.0 Stealth
 + Level 2.4 Spellcasting
 - Level 5.0 Summonings


You had 3 spell levels left.
You knew the following spells:

 Your Spells              Type           Power        Failure   Level  Hunger
a - Summon Small Mammal   Summ           ###.         1%          1    #......
b - Call Imp              Summ           ###.....     3%          2    ##.....


Dungeon Overview and Level Annotations

Branches:
Dungeon (2/15)

Altars:
Cheibriados
Okawaru


Innate Abilities, Weirdness & Mutations

Your natural rate of healing is unusually fast.
You have razor-sharp teeth.*
You have supernaturally acute eyesight.
You can survive without breathing.*


Message History

Your quokka bites the adder but does no damage.
The adder bites you.
* * * LOW HITPOINT WARNING * * *
You are lethally poisoned!
The adder poisons you!
Your quokka bites the adder.
Drink which item? (? for menu, Esc to quit)
You feel agile all of a sudden.
It was a potion of agility.
Your bat closely misses the adder.
The adder barely misses you.
Your quokka misses the adder.
Your quokka bites the adder.
Drink which item? (? for menu, Esc to quit)
You suddenly lose the ability to move!
It was a potion of paralysis.
* * * LOW HITPOINT WARNING * * *
You feel sick. The adder bites you.
* * * LOW HITPOINT WARNING * * *
Your quokka misses the adder.
Your quokka bites the adder.
Your bat hits the adder but does no damage.
* * * LOW HITPOINT WARNING * * *
You feel sick.
Your bat misses the adder. The adder bites you.
You die...

. #.. #. ###.#.... # #.
....#.#.##.############.
............##.........##
.).#)# #.........#
######.#.#####.........#
.......r.r.............#
######..S..............##
%>......@................
#.#.....b..)...........##
####.................#
#.........#########
#......#### #......#
#......# #......# ######


You could see an adder, 2 friendly quokkas and a friendly bat.

Vanquished Creatures
  Jessica (D:2)
  2 giant cockroaches (D:1)
  6 hobgoblins
  A quokka (D:2)
  A ball python (D:2)
  5 bats
  5 giant newts
  5 goblins
  4 kobolds (D:2)
30 creatures vanquished.

Vanquished Creatures (collateral kills)
  A goblin (D:1)
1 creature vanquished.

Vanquished Creatures (others)
  A quokka (D:2)
1 creature vanquished.

Grand Total: 32 creatures vanquished

Notes
Turn   | Place    | Note
--------------------------------------------------------------
     0 | D:1      | PolkaDot, the Vampire Summoner, began the quest for the Orb.
     0 | D:1      | Reached XP level 1. HP: 13/13 MP: 3/3
     7 | D:1      | Found a snail-covered altar of Cheibriados.
   567 | D:1      | Reached XP level 2. HP: 19/19 MP: 4/4
   576 | D:1      | Learned a level 2 spell: Call Imp
   622 | D:2      | Found an iron altar of Okawaru.
   953 | D:2      | Reached skill level 5 in Summonings
   971 | D:2      | Noticed Jessica
   977 | D:2      | Reached XP level 3. HP: 20/24 MP: 6/6
   980 | D:2      | Killed Jessica
   991 | D:2      | Paralysed by a potion of paralysis for 7 turns
   992 | D:2      | Slain by an adder

Action                   || total
-------------------------++-------
Melee: Dagger            ||    75
 Cast: Summon Small Mamm ||     6
  Use: Potion            ||     2
 Stab: Sleeping          ||     6
